 Dungeon Crawl Stone Soup version 0.27.1-33-g824d729ab1 (webtiles) character file.

Game seed: 17568375654113107928

2919 DenSaoPin the Grappler (level 9, -11/80 HPs)
             Began as a Troll Berserker on Nov 25, 2021.
             Was a High Priest of Trog.
             Shot with a sling bullet by Joseph (17 damage)
             ... on level 8 of the Dungeon.
             The game lasted 00:16:27 (6070 turns).

DenSaoPin the Grappler (Troll Berserker)            Turns: 6070, Time: 00:16:28

Health: -11/80     AC:  4    Str: 27    XL:     9   Next: 50%
Magic:  8/8        EV: 16    Int:  4    God:    Trog [*****.]
Gold:   354        SH:  0    Dex: 11    Spells: 8/8 levels left

rFire    . . .     SeeInvis +     - Unarmed
rCold    . . .     Faith    .   (no shield)
rNeg     . . .     Spirit   .   a - +0 animal skin
rPois    .         Reflect  .   (helmet restricted)
rElec    .         Harm     .   (no cloak)
rCorr    .         Rampage  .   (gloves unavailable)
Will     ++...                  (boots unavailable)
Stlth    ++........             (no amulet)
HPRegen  2.23/turn              y - ring of see invisible
MPRegen  0.11/turn              z - +4 ring of evasion

@: strong-willed, on berserk cooldown, regenerating, slowed, very slow
A: large, unfitting armour, claws 3, regeneration 1, shaggy fur 1, tough skin 1
a: Renounce Religion, Berserk, Trog's Hand, Brothers in Arms


You were on level 8 of the Dungeon.
You worshipped Trog.
Trog was extremely pleased with you.
You visited 1 branch of the dungeon, and saw 8 of its levels.
You also visited: Sewer.

You collected 354 gold pieces.

Inventory:

Hand Weapons
 q - a +0 giant club
 w - a +2 vorpal glaive
Missiles
 m - 183 stones (quivered)
Armour
 a - a +0 animal skin (worn)
 s - the +2 ring mail "Budiudgh" {rF+ rC++ Int-4 Stlth+}
   (You found it on level 5 of the Dungeon)

   Int:       It affects your intelligence (-4).
   rF:        It protects you from fire.
   rC:        It greatly protects you from cold.
   Stlth:     It makes you more stealthy.
 A - a +0 kite shield
Jewellery
 k - a ring of protection from fire
 y - a ring of see invisible (left claw)
 z - a +4 ring of evasion (right claw)
Wands
 n - a wand of iceblast (6)
 v - a wand of flame (14)
Scrolls
 b - 3 scrolls of magic mapping {unknown}
 c - 7 scrolls of teleportation {unknown}
 d - a scroll of brand weapon {unknown}
 f - 3 scrolls of identify {unknown}
 j - a scroll of fear {unknown}
 l - a scroll of fog {unknown}
 o - 2 scrolls of enchant armour {unknown}
 u - a scroll of blinking {unknown}
Potions
 e - 4 potions of might {unknown}
 g - 2 potions of flight {unknown}
 h - 9 potions of curing {unknown}
 i - a potion of lignification {unknown}
 p - a potion of haste {unknown}
 r - a potion of degeneration {unknown}
 t - 2 potions of cancellation {unknown}
 x - a potion of heal wounds {unknown}


   Skills:
 - Level 2.4 Fighting
 + Level 7.2 Dodging
 + Level 2.7 Stealth
 * Level 9.9 Unarmed Combat


You had 8 spell levels left.
You didn't know any spells.
Your spell library was empty.

Dungeon Overview and Level Annotations

Branches:
Dungeon (8/15)             Temple (0/1) D:4           Sewer (visited)
   Lair: D:8-11

Altars:
Cheibriados
Trog
Wu Jian
Zin

Annotations:
D:8 Joseph


Innate Abilities, Weirdness & Mutations

You are too large for most types of armour.
You have claws for hands.
Your natural rate of healing is unusually fast.
You are covered in fur. (AC +1)
You have tough skin. (AC +1)


Message History

The yak is almost dead.
You scratch the yak.
The yak is almost dead.
The orc wizard points at you and mumbles some strange words.
The magic dart hits you!
* * * LOW HITPOINT WARNING * * *
The yak barely misses you. x2
You mangle the yak!!
You kill the yak!
Trog accepts your kill.
Joseph shoots a sling bullet.
The sling bullet completely misses you. The yak gores you.
* * * LOW HITPOINT WARNING * * *
You barely miss the orc wizard.
The orc wizard is heavily wounded.
Joseph shoots a sling bullet.
The sling bullet hits you!!
* * * LOW HITPOINT WARNING * * *
You feel a strong urge to attack something.
Joseph shoots a sling bullet.
The sling bullet closely misses you.
Joseph shoots a sling bullet.
The sling bullet misses you.
You feel your anger nearly subside.
You are no longer berserk.
You are exhausted.
You feel yourself slow down.
Your skin crawls.
You feel strong-willed.
Joseph shoots a sling bullet.
The sling bullet closely misses you.
Joseph shoots a sling bullet.
The sling bullet hits the orc wizard!
The orc wizard dies!
The orc barely misses you.
Joseph says, "You will never get the ORB, sorry."
Joseph shoots a sling bullet.
The sling bullet hits you!
* * * LOW HITPOINT WARNING * * *
The yak completely misses you.
Joseph shoots a sling bullet.
The sling bullet misses you.
Joseph shoots a sling bullet.
The sling bullet misses you.
Joseph shoots a sling bullet.
The sling bullet hits you!
* * * LOW HITPOINT WARNING * * *
Joseph shoots a sling bullet.
The sling bullet closely misses you.
Joseph shoots a sling bullet.
The sling bullet hits you!
You die...

#......<...#.#
#....†)....#
#..........#
#..........#
#.)........#
#oo..@.....#
#Yo.##.#####
#...##...
#@..# ....
..........# ..
........###
.........
........#
........#
........#
........#


You could see Joseph, a yak and 3 orcs.

Vanquished Creatures
  3 yaks (D:8)
  A water moccasin (D:5)
  A sky beast (D:7)
  An orc warrior (D:7)
  4 ogres
  2 necrophages (D:6)
  4 bullfrogs
  A scorpion (D:2)
  A water moccasin zombie (D:6)
  A water moccasin skeleton (D:5)
  3 wights (D:6)
  A howler monkey (D:5)
  6 hounds
  A bullfrog skeleton (D:6)
  A centaur skeleton (D:4)
  Ijyb (D:3)
  8 iguanas
  8 orc wizards
  2 hound skeletons
  A howler monkey zombie (D:6)
  14 adders
  3 gnolls (D:2)
  A river rat (D:3)
  2 shadow imps (D:6)
  2 white imps (D:5)
  5 worms
  A dart slug (D:2)
  29 orcs
  23 ball pythons
  4 bats
  16 endoplasms
  22 giant cockroaches
  14 goblins
  6 hobgoblins
  4 jackals (D:4)
  6 kobolds (D:3)
  21 quokkas
  11 frilled lizards
  3 rats
238 creatures vanquished.

Vanquished Creatures (others)
  An orc wizard (D:8)
  A goblin (D:3)
2 creatures vanquished.

Grand Total: 240 creatures vanquished

Notes
Turn   | Place    | Note
-------+----------+-------------------------------------------
     0 | D:1      | DenSaoPin the Troll Berserker began the quest for the Orb.
     0 | D:1      | Reached XP level 1. HP: 22/22 MP: 0/0
    67 | D:1      | You fall into a shaft and drop 1 floor!
   107 | D:2      | Reached XP level 2. HP: 29/29 MP: 1/1
   114 | D:2      | HP: 1/29 [frozen (5)]
   140 | D:2      | Reached XP level 3. HP: 29/36 MP: 2/2
   474 | D:2      | Reached skill level 4 in Unarmed Combat
   488 | D:2      | Noticed a scorpion
   496 | D:2      | Killed a scorpion
   497 | D:2      | Reached XP level 4. HP: 41/44 MP: 3/3
  1007 | D:1      | Reached XP level 5. HP: 50/50 MP: 4/4
  1030 | D:1      | Reached ** piety under Trog
  1388 | D:1      | Found a faded altar of an unknown god.
  1868 | D:3      | Found a glowing silver altar of Zin.
  1869 | D:3      | Found a snail-covered altar of Cheibriados.
  1898 | D:3      | Noticed Ijyb
  1918 | D:3      | Killed Ijyb
  2031 | D:3      | Reached skill level 5 in Unarmed Combat
  2128 | D:3      | Reached *** piety under Trog
  2176 | D:3      | Found a glowing drain.
  2193 | Sewer    | Entered a sewer
  2243 | Sewer    | Reached XP level 6. HP: 59/59 MP: 5/5
  2402 | Sewer    | Reached **** piety under Trog
  2518 | Sewer    | Reached skill level 5 in Dodging
  2518 | Sewer    | Reached skill level 6 in Unarmed Combat
  2520 | Sewer    | Reached XP level 7. HP: 15/66 MP: 6/6
  3091 | D:4      | Found a staircase to the Ecumenical Temple.
  3127 | D:4      | Reached ***** piety under Trog
  3264 | D:4      | Found a bloodstained altar of Trog.
  3770 | D:5      | Entered Level 5 of the Dungeon
  3865 | D:5      | Reached skill level 7 in Unarmed Combat
  3871 | D:5      | Reached XP level 8. HP: 49/74 MP: 7/7
  4121 | D:5      | Identified the +2 ring mail "Budiudgh" {rF+ rC++ Int-4
                  | Stlth+}
  4167 | D:5      | Reached skill level 1 in Stealth
  4376 | D:5      | Reached skill level 8 in Unarmed Combat
  4521 | D:6      | Received a gift from Trog
  4649 | D:6      | Found an ornate altar of the Wu Jian Council.
  4898 | D:6      | Reached XP level 9. HP: 68/80 MP: 8/8
  4972 | D:6      | Reached skill level 9 in Unarmed Combat
  6052 | D:8      | Noticed Joseph
  6067 | D:8      | HP: 4/80 [Joseph/sling bullet (11)]
  6070 | D:8      | Shot with a sling bullet by Joseph

Illustrated notes

Levels and vault maps discovered:
D:1:      lemuel_arrival_tunnels, layout_basic, chequers_ecumenical_altar_grove,
          hex_intersection, minmay_tromino_mix6
D:2:      minmay_door_path, layout_loops_ring
D:3:      kennysheep_the_goblin_king, layout_rooms,
          gammafunk_temple_overflow_pools, portal_sewer_entry_a,
          minmay_joined_circles
D:4:      layout_loops_ring, mainiacjoe_overflow_surrounded_room,
          minmay_temple_entry_sparse_star, st_stairs_14, serial_bayou_pond_e
D:5:      layout_basic, roderic_roman_lattice
D:6:      layout_loops_ring, mainiacjoe_overflow_catwalk, minivault_1
D:7:      layout_loops_cross, minmay_misc_feat_x, kennysheep_cross_room
D:8:      layout_basic, nicolae_alphabet_shops, hangedman_decor_slide_cut,
          uniq_pikel, uniq_joseph

Skill      XL: |  1  2  3  4  5  6  7  8  9 |
---------------+----------------------------+-----
Dodging        | 3 4 5 6 7 |  7.2
Unarmed Combat | 4 5 6 7 8 9 |  9.9
Stealth        | 1 2 |  2.7
Fighting       | |  2.4

Action                   |  1- 3 |  4- 6 |  7- 9 || total
-------------------------+-------+-------+-------++-------
Melee: Unarmed           |    49 |   316 |   352 ||   717
       Punch             |     1 |     4 |    10 ||    15
Invok: Berserk           |       |     1 |     1 ||     2
       Trog's Hand       |       |     1 |     1 ||     2
 Stab: Sleeping          |     2 |     1 |       ||     3
Armor: Animal skin       |     6 |   165 |    93 ||   264
Dodge: Dodged            |    20 |   219 |   232 ||   471
